 Dungeon Crawl Stone Soup version 0.21.1-1-g345015fe64 (webtiles) character file.

1607 Henning the Chopper (level 8, -1/70 HPs)
             Began as a Minotaur Fighter on June 13, 2018.
             Was an Initiate of Trog.
             Killed by nerve-wracking pain
             ... invoked by an orc priest
              (10 damage)
             ... on level 7 of the Dungeon.
             The game lasted 00:18:02 (5249 turns).

Henning the Chopper (Minotaur Fighter)              Turns: 5249, Time: 00:18:03

Health: -1/70      AC: 11    Str: 23    XL:     8   Next: 63%
Magic:  7/7        EV:  7    Int:  5    God:    Trog [......]
Gold:   333        SH: 10    Dex: 10    Spells: 7/7 levels left

rFire    . . .     SeeInvis .   a - +0 war axe
rCold    . . .     Gourm    .   c - +0 shield
rNeg     . . .     Faith    .   v - +0 chain mail
rPois    .         Spirit   .   (helmet restricted)
rElec    .         Reflect  .   (no cloak)
rCorr    .         Harm     .   y - +0 pair of gloves
MR       .....                  (no boots)
Stlth    ..........             (no amulet)
HPRegen  0.21/turn              (no ring)
MPRegen  0.10/turn              (no ring)

@: no status effects
A: retaliatory headbutt, horns 2
a: Burn Spellbooks, Renounce Religion


You were on level 7 of the Dungeon.
You worshipped Trog.
Trog was noncommittal.
You were not hungry.

You visited 2 branches of the dungeon, and saw 8 of its levels.

You collected 333 gold pieces.

Inventory:

Hand Weapons
 a - a +0 war axe (weapon)
Missiles
 C - a javelin (quivered)
Armour
 b - a +0 scale mail
 c - a +0 shield (worn)
 m - a +1 ring mail of cold resistance
 v - a +0 chain mail (worn)
 y - a +0 pair of gloves (worn)
Wands
 r - a wand of paralysis (7)
Scrolls
 e - 2 scrolls of remove curse {unknown}
 g - 2 scrolls of magic mapping {unknown}
 j - a scroll of fear {unknown}
 k - a scroll of random uselessness {unknown}
 n - a scroll of noise {unknown}
 o - a scroll of blinking {unknown}
 p - 4 scrolls of identify {unknown}
 t - a scroll of torment {unknown}
 u - a scroll of immolation {unknown}
 w - 4 scrolls of teleportation {unknown}
 A - a scroll of enchant armour {unknown}
 B - a scroll of fog {unknown}
Potions
 d - 2 potions of might
 h - a potion of mutation {unknown}
 i - a potion of haste {unknown}
 l - 4 potions of curing {unknown}
 q - a potion of brilliance {unknown}
 s - 4 potions of cancellation {unknown}
 x - 2 potions of heal wounds {unknown}
 z - a potion of berserk rage {unknown}
Comestibles
 f - 15 rations


   Skills:
 + Level 5.7 Fighting
 + Level 7.3 Axes
 + Level 3.8 Throwing
 + Level 6.7 Armour
 + Level 3.2 Dodging
 + Level 0.8 Stealth
 + Level 6.4 Shields


You had 7 spell levels left.
You didn't know any spells.

Dungeon Overview and Level Annotations

Branches:
Dungeon (7/15)             Temple (1/1) D:6

Altars:
Cheibriados
Dithmenos
Elyvilon
Fedhas
Gozag
Hepliaklqana
Kikubaaqudgha
Makhleb
Nemelex Xobeh
Okawaru
Qazlal
Sif Muna
Trog
Uskayaw
Vehumet
Wu Jian
Xom
Zin
The Shining One

Shops:
D:5 *

Annotations:
D:6 Niraks's ghost, novice MiBe


Innate Abilities, Weirdness & Mutations

You reflexively headbutt those who attack you in melee.
You have a pair of horns on your head.


Message History

You hit the orc wizard but do no damage.
The orc priest begins to cast a cantrip, but forgets the words!
The orc wizard hits you but does no damage.
You hit the orc wizard but do no damage.
Your shield prevents you from hitting the orc priest.
The orc priest hits you but does no damage.
You block the orc wizard's attack.
The orc priest invokes the aid of Beogh against you.
Pain shoots through your body!
You barely miss the orc wizard. You headbutt the orc wizard.
The orc wizard is moderately wounded.
You barely miss the orc priest. The orc wizard casts a spell at you.
The magic dart hits you!
The orc priest calls down the wrath of Beogh upon you.
Beogh smites you!
* * * LOW HITPOINT WARNING * * *
The orc priest mumbles some strange prayers to Beogh against you.
Pain shoots through your body!
You die...

... ...#
......#####...#
8.._..#.......#
......#.......#
##.. ..
._.#.#.....%.#
..... ..._
...'......# .....
#...###)#......#
.....
#....%o@.......#
#...
######o........#
#... #.....#####
####...
#.....#######......
#...........#.#####
#..................
###..............##
#..............##
#.##......#######


You could see an orc priest and an orc wizard.

Vanquished Creatures
  The ghost of Ethylacetat the Slasher, an amateur DsFi of Dithmenos (D:4)
  A phantom (D:4)
  A black bear (D:7)
  2 centaurs
  A bullfrog (D:7)
  A gnoll sergeant (D:6)
  2 scorpions (D:5)
  A howler monkey (D:6)
  A bullfrog zombie (D:5)
  2 crimson imps
  A quasit (D:5)
  2 hounds
  A jelly (D:6)
  3 orc wizards
  2 orc priests
  Ijyb (D:3)
  A centaur skeleton (D:5)
  Natasha (thrice) (D:3)
  A statue (D:5)
  3 worker ants
  A worker ant zombie (D:7)
  10 gnolls
  6 adders
  2 shadow imps
  2 oozes
  2 worms
  5 leopard geckos
  18 orcs
  A ball python (D:3)
  3 giant cockroaches
  10 goblins
  6 hobgoblins
  5 jackals (D:5)
  9 kobolds
  A quokka (D:4)
  6 bats
  5 frilled lizards
  A leopard gecko skeleton (D:4)
  5 rats
129 creatures vanquished.

Notes
Turn   | Place    | Note
-------+----------+-------------------------------------------
     0 | D:1      | Henning the Minotaur Fighter began the quest for the Orb.
     0 | D:1      | Reached XP level 1. HP: 19/19 MP: 0/0
   216 | D:1      | Reached XP level 2. HP: 27/27 MP: 1/1
  1201 | D:2      | Reached skill level 3 in Axes
  1201 | D:2      | Reached XP level 3. HP: 24/33 MP: 2/2
  1452 | D:2      | Noticed a centaur
  1459 | D:2      | Killed a centaur
  1459 | D:2      | Reached skill level 4 in Axes
  1459 | D:2      | Reached skill level 1 in Throwing
  1459 | D:2      | Reached XP level 4. HP: 29/41 MP: 3/3
  1459 | D:2      | Reached XP level 5. HP: 33/47 MP: 4/4
  1869 | D:3      | Reached skill level 1 in Dodging
  1908 | D:3      | Reached skill level 5 in Axes
  1934 | D:3      | Noticed Natasha
  1940 | D:3      | Killed Natasha
  1940 | D:3      | Reached XP level 6. HP: 48/53 MP: 5/5
  2001 | D:3      | Noticed Natasha
  2004 | D:3      | Killed Natasha
  2045 | D:3      | Noticed Natasha
  2047 | D:3      | Killed Natasha
  2166 | D:3      | Noticed Ijyb
  2180 | D:3      | Paralysed by Ijyb for 5 turns
  2190 | D:3      | Killed Ijyb
  2274 | D:4      | Reached skill level 5 in Armour
  2671 | D:4      | Noticed Ethylacetat's ghost (amateur DsFi)
  2686 | D:4      | Killed Ethylacetat's ghost
  2686 | D:4      | Reached skill level 5 in Fighting
  2686 | D:4      | Reached XP level 7. HP: 39/61 MP: 6/6
  2979 | D:4      | Reached skill level 5 in Shields
  3070 | D:4      | Reached skill level 6 in Axes
  3180 | D:5      | Entered Level 5 of the Dungeon
  3251 | D:5      | Found a radiant altar of Vehumet.
  3478 | D:5      | Found Gozag's Platinum Reserve.
  3481 | D:5      | Found an opulent altar of Gozag.
  3845 | D:5      | Reached XP level 8. HP: 68/69 MP: 7/7
  4159 | D:6      | Noticed Niraks's ghost (novice MiBe)
  4487 | D:6      | Found a staircase to the Ecumenical Temple.
  4504 | Temple   | Entered the Ecumenical Temple
  4531 | Temple   | Became a worshipper of Trog the Wrathful
  4789 | D:7      | Reached skill level 7 in Axes
  5222 | D:7      | Found a sparkling altar of Nemelex Xobeh.
  5223 | D:7      | Found an ornate altar of the Wu Jian Council.
  5226 | D:7      | Found a shimmering altar of Xom.
  5249 | D:7      | Killed from afar by an orc priest

Skill      XL: |  1  2  3  4  5  6  7  8 |
---------------+-------------------------+-----
Fighting       | 4 5 |  5.7
Armour         | 4 5 6 |  6.7
Axes           | 3 4 5 6 7 |  7.3
Throwing       | 1 2 3 |  3.8
Shields        | 4 5 6 |  6.4
Dodging        | 1 2 3 |  3.2
Stealth        | |  0.8

Action                   |  1- 3 |  4- 6 |  7- 9 || total
-------------------------+-------+-------+-------++-------
Melee: War axe           |    84 |    87 |   186 ||   357
       Headbutt          |     7 |     9 |    33 ||    49
Throw: Tomahawk          |    18 |     9 |    29 ||    56
       Javelin           |     7 |    12 |    21 ||    40
  Eat: Chunk             |     2 |     4 |     8 ||    14
Armor: Scale mail        |    20 |    27 |       ||    47
       Chain mail        |       |     6 |    73 ||    79
Dodge: Dodged            |    24 |    24 |    54 ||   102
Block: Shield            |    42 |    47 |   112 ||   201
